 Dungeon Crawl Stone Soup version 0.21.1-1-g345015fe64 (webtiles) character file.

5649 LisaTheBanana the Grappler (level 10, -7/93 HPs)
             Began as a Troll Monk on Apr 8, 2018.
             Was a Believer of Makhleb.
             Shot with a sling bullet by Joseph (9 damage)
             ... on level 10 of the Dungeon.
             The game lasted 00:30:33 (4971 turns).

LisaTheBanana the Grappler (Troll Monk)             Turns: 4971, Time: 00:30:34

Health: -7/93      AC:  6    Str: 24    XL:     10   Next: 46%
Magic:  9/9        EV: 12    Int:  6    God:    Makhleb [**....]
Gold:   293        SH:  8    Dex: 12    Spells: 9/9 levels left

rFire    . . .     SeeInvis .     - Unarmed
rCold    . . .     Gourm    +   (no shield)
rNeg     . . .     Faith    .   k - +1 animal skin
rPois    .         Spirit   .   (helmet restricted)
rElec    .         Reflect  +   (no cloak)
rCorr    .         Harm     .   (gloves unavailable)
MR       .....                  (boots unavailable)
Stlth    ++........             x - brooch of Shielding {Reflect SH+8}
HPRegen  0.65/turn              (no ring)
MPRegen  0.11/turn              (no ring)

@: about to teleport, heavily drained
A: large, unfitting armour, claws 3, fast metabolism 3, gourmand, regeneration
1, shaggy fur 1, tough skin 2
a: Minor Destruction, Renounce Religion


You were on level 10 of the Dungeon.
You worshipped Makhleb.
Makhleb was pleased with you.
You were not hungry.

You visited 2 branches of the dungeon, and saw 10 of its levels.

You collected 397 gold pieces.
You spent 104 gold pieces at shops.

Inventory:

Hand Weapons
 v - the +6 mace of the Last Places {drain, *Contam rElec Int+5 Dex+3, unknown}
   (You found it on level 5 of the Dungeon)

   A truly terrible weapon, it drains the life of those it strikes.
   It affects your intelligence (+5).
   It affects your dexterity (+3).
   It insulates you from electricity.
   It causes magical contamination when unequipped.
Armour
 a - a +0 robe
 k - a +1 animal skin (worn)
 p - a +0 cloak
Jewellery
 c - an uncursed amulet of magic regeneration
 q - an uncursed ring of ice {unknown}
 w - an uncursed ring of fire {unknown}
 x - the brooch of Shielding (around neck) {Reflect SH+8}
   (You found it on level 6 of the Dungeon)

   [amulet of reflection]

   It shields you and reflects attacks.
   It affects your SH (+8).
Wands
 t - a wand of polymorph (11)
 A - a wand of enslavement (10)
 D - a wand of flame (14)
Scrolls
 d - 2 scrolls of enchant weapon
 f - 3 scrolls of identify
 i - 3 scrolls of remove curse
 j - 5 scrolls of teleportation
 m - 2 scrolls of random uselessness
 s - a scroll of fear {unknown}
 u - 3 scrolls of fog {unknown}
 y - a scroll of magic mapping
 B - a scroll of immolation {unknown}
Potions
 e - 3 potions of heal wounds
 g - a potion of degeneration {unknown}
 l - a potion of resistance {unknown}
 o - 4 potions of flight {unknown}
 r - 2 potions of might {unknown}
 z - a potion of berserk rage {unknown}
 C - a potion of invisibility {unknown}
 E - a potion of curing
Books
 h - a book of Spatial Translocations

   Spells                             Type                      Level
   a - Blink                          Translocation                2
   b - Shroud of Golubria             Charms/Translocation         2
   c - Lesser Beckoning               Translocation                3
   d - Gell's Gravitas                Translocation                3
   e - Teleport Other                 Translocation                3
   f - Passage of Golubria            Translocation                4
 n - a book of Necromancy

   Spells                             Type                      Level
   a - Pain                           Necromancy                   1
   b - Animate Skeleton               Necromancy                   1
   c - Vampiric Draining              Necromancy                   3
   d - Regeneration                   Charms/Necromancy            3
   e - Animate Dead                   Necromancy                   4
   f - Borgnjor's Vile Clutch         Necromancy/Earth             5
Comestibles
 b - 9 rations


   Skills:
 + Level 4.2(2.7) Fighting
 + Level 6.8(5.3) Dodging
 + Level 2.6(1.3) Stealth
 + Level 12.5(10.8) Unarmed Combat


You had 9 spell levels left.
You didn't know any spells.

Dungeon Overview and Level Annotations

Branches:
Dungeon (8/15)             Temple (1/1) D:7
   Lair: D:8-11

Altars:
Cheibriados
Dithmenos
Elyvilon
Fedhas
Makhleb
Nemelex Xobeh
Okawaru
Sif Muna
Trog
Vehumet
Wu Jian
Xom
Yredelemnul
Zin

Shops:
D:8 !   D:10 %

Annotations:
D:2 Sigmund
D:3 Bal's ghost, amateur DsGl
D:4 Eustachio
D:10 Joseph


Innate Abilities, Weirdness & Mutations

You are too large for most types of armour.
You have claws for hands.
Your metabolism is lightning-fast.
You like to eat raw meat.
Your natural rate of healing is unusually fast.
You are covered in fur. (AC +1)
You have very tough skin. (AC +2)


Message History

You claw the acid dragon!
The acid dragon is severely wounded.
Joseph hits you with an uncursed quarterstaff of draining.
* * * LOW HITPOINT WARNING * * *
You feel drained.
* * * LOW HITPOINT WARNING * * *
The acid dragon closely misses you.
The acid dragon claws you but does no damage.
As you read the scroll of teleportation, it crumbles to dust.
You feel strangely unstable. You block the wyvern's attack.
Joseph hits you with an uncursed quarterstaff of draining!
* * * LOW HITPOINT WARNING * * *
You feel drained.
* * * LOW HITPOINT WARNING * * *
You block the acid dragon's attack. The acid dragon claws you.
* * * LOW HITPOINT WARNING * * *
Joseph unwields an uncursed quarterstaff of draining.
Joseph wields an uncursed hunting sling.
Joseph shoots a sling bullet.
The sling bullet hits you!
You die...

#### ## ###########
..##.# ##.........###.#.#
##
#....###........######...
..###.####..............#
### ### ##.#.#(@l.......
# ####.#..Dt..#.
#....###.@..#... #.###
#####..# ##


You could see Joseph, a crocodile, a wyvern and an acid dragon.

Vanquished Creatures
  A two-headed ogre (D:8)
  Pikel (D:5)
  The ghost of LisaTheBanana the Shield-Bearer, an amateur FoFi (D:5)
  Grinder (D:5)
  2 hippogriffs (D:7)
  4 hogs (D:7)
  A wyvern (D:10)
  A human (D:7)
  A hungry ghost (D:10)
  Menkaure (D:4)
  A phantom (D:5)
  5 ice beasts
  A centaur (D:8)
  5 ogres
  2 crocodiles (D:10)
  A gnoll sergeant (D:6)
  3 bullfrogs
  3 scorpions
  A crimson imp (D:8)
  A howler monkey (D:6)
  2 jellies (D:7)
  2 bullfrog zombies
  2 hounds
  A bullfrog skeleton (D:8)
  2 orc priests
  7 orc wizards
  Crazy Yiuf (D:5)
  Terence (D:3)
  2 iguanas
  4 worker ants
  A killer bee zombie (D:5)
  A hound skeleton (D:6)
  Robin (D:2)
  7 adders
  8 gnolls
  A shadow imp (D:7)
  3 oozes
  An adder skeleton (D:8)
  2 worms (D:2)
  2 dart slugs
  3 leopard geckos
  24 orcs
  5 bats
  11 giant cockroaches
  16 goblins
  12 hobgoblins
  22 jackals
  2 ball pythons
  8 frilled lizards
  6 kobolds
  A leopard gecko skeleton (D:5)
  A quokka skeleton (D:5)
  8 rats
  3 fungi (D:5)
210 creatures vanquished.

Notes
Turn   | Place    | Note
-------+----------+-------------------------------------------
     0 | D:1      | LisaTheBanana the Troll Monk began the quest for the Orb.
     0 | D:1      | Reached XP level 1. HP: 22/22 MP: 0/0
    78 | D:1      | Reached XP level 2. HP: 12/29 MP: 1/1
   169 | D:1      | Reached XP level 3. HP: 36/36 MP: 2/2
   297 | D:1      | Found a white marble altar of Elyvilon.
   301 | D:1      | Found a bloodstained altar of Trog.
   301 | D:1      | Found a basalt altar of Yredelemnul.
   326 | D:1      | Found a shimmering altar of Xom.
   326 | D:1      | Found a shimmering altar of Xom.
   326 | D:1      | Found an ancient bone altar of Kikubaaqudgha.
   745 | D:2      | Reached XP level 4. HP: 44/44 MP: 3/3
   835 | D:2      | Found a sparkling altar of Nemelex Xobeh.
   884 | D:2      | Noticed Robin
   911 | D:2      | Reached skill level 4 in Unarmed Combat
   921 | D:2      | Killed Robin
  1074 | D:2      | Noticed Sigmund
  1103 | D:3      | Noticed Terence
  1117 | D:3      | Killed Terence
  1117 | D:3      | Reached XP level 5. HP: 39/52 MP: 4/4
  1276 | D:3      | Noticed Bal's ghost (amateur DsGl)
  1321 | D:4      | Noticed Menkaure
  1331 | D:4      | Killed Menkaure
  1331 | D:4      | Reached skill level 5 in Unarmed Combat
  1331 | D:4      | Reached XP level 6. HP: 61/61 MP: 5/5
  1424 | D:4      | Found a shadowy altar of Dithmenos.
  1622 | D:4      | Noticed Eustachio
  1646 | D:5      | Entered Level 5 of the Dungeon
  1729 | D:5      | Reached skill level 6 in Unarmed Combat
  1769 | D:5      | Noticed an ice beast
  1776 | D:5      | Killed an ice beast
  1776 | D:5      | Reached XP level 7. HP: 38/67 MP: 6/6
  1815 | D:5      | Found a white marble altar of Elyvilon.
  1887 | D:5      | Noticed Pikel
  1900 | D:5      | Killed Pikel
  1900 | D:5      | Reached skill level 8 in Unarmed Combat
  1900 | D:5      | Reached XP level 8. HP: 68/75 MP: 7/7
  1990 | D:5      | Noticed Grinder
  1998 | D:5      | Killed Grinder
  2322 | D:5      | Reached skill level 5 in Dodging
  2322 | D:5      | Reached skill level 9 in Unarmed Combat
  2356 | D:5      | Noticed LisaTheBanana's ghost (amateur FoFi)
  2370 | D:5      | Killed LisaTheBanana's ghost
  2675 | D:5      | Found a runed door.
  2679 | D:5      | Noticed Crazy Yiuf
  2682 | D:5      | Killed Crazy Yiuf
  2686 | D:5      | Got a dazzling mace
  2734 | D:6      | Reached XP level 9. HP: 48/84 MP: 8/8
  2897 | D:6      | Found the brooch of Shielding {Reflect SH+8}
  2977 | D:6      | Reached skill level 10 in Unarmed Combat
  3772 | D:7      | Reached skill level 11 in Unarmed Combat
  3945 | D:7      | Reached XP level 10. HP: 72/92 MP: 9/9
  4168 | D:7      | Found a staircase to the Ecumenical Temple.
  4172 | Temple   | Entered the Ecumenical Temple
  4268 | Temple   | Became a worshipper of Makhleb the Destroyer
  4268 | Temple   | Reached * piety under Makhleb
  4268 | Temple   | Reached ** piety under Makhleb
  4657 | D:8      | Noticed a two-headed ogre
  4671 | D:8      | Killed a two-headed ogre
  4671 | D:8      | Reached skill level 12 in Unarmed Combat
  4754 | D:8      | Found Lyom's Distillery.
  4757 | D:8      | Bought a potion of curing for 39 gold pieces
  4757 | D:8      | Bought a potion of heal wounds for 65 gold pieces
  4796 | D:8      | You fall through a shaft for 2 floors!
  4796 | D:10     | Entered Level 10 of the Dungeon
  4821 | D:10     | Found Huleyriz's Food Boutique.
  4963 | D:10     | Noticed Joseph
  4970 | D:10     | HP: 2/93 [acid dragon (3)]
  4971 | D:10     | Shot with a sling bullet by Joseph

Skill      XL: |  1  2  3  4  5  6  7  8  9 10 |
---------------+-------------------------------+-----
Dodging        | 3 4 5 6 |  6.8
Unarmed Combat | 4 5 6 8 9 11 12 | 12.5
Fighting       | 3 4 |  4.2
Stealth        | 2 |  2.6

Action                   |  1- 3 |  4- 6 |  7- 9 | 10-12 || total
-------------------------+-------+-------+-------+-------++-------
Melee: Unarmed           |   114 |   163 |   236 |    82 ||   595
       Punch             |       |     4 |    12 |     5 ||    21
Invok: Minor Destruction |       |       |       |     1 ||     1
  Use: Scroll            |     1 |     8 |       |     1 ||    10
       Potion            |       |       |     1 |       ||     1
 Stab: Sleeping          |     1 |     1 |     2 |     1 ||     5
  Eat: Chunk             |     2 |    14 |    10 |     8 ||    34
       Ration            |     1 |       |     1 |     2 ||     4
Armor: Robe              |    63 |    36 |       |       ||    99
       Animal skin       |       |    14 |    42 |    15 ||    71
Dodge: Dodged            |   120 |    95 |    94 |    25 ||   334
Block: Other             |       |       |    38 |    23 ||    61
       Reflection        |       |       |       |     5 ||     5
